cohdb
Replays
Latest Replays
All Replays
Popular Replays
Top Player Replays
Match Explorer
How It Works
Community
CoH3 Stats
Reddit
Sign in to upload your games and track your stats! →
Sign in with Steam
Match 43048993
Unlisted
Match 43048993
Overview
Messages
Build Orders
End
Construct Weapon Support Center
Selects Heavy Weapons
Scout Squad
M1919 Machine Gun Team
M1919 Machine Gun Team
Bazooka Squad
Infantry Support Center
M3 Armored Personnel Carrier
Engineer Squad
Selects Assault Carriers
Selects Exchangeable Parts
Construct Motor Pool
M8 Greyhound Armored Car
Selects M2HB .50cal Heavy Machine Gun
M1919 Machine Gun Team
M8 Greyhound Armored Car
Engineer Squad
Selects Rapid Reposition
M1919 Machine Gun Team
M1 Anti-tank Gun Team
Construct Tank Depot
M4A1 Sherman Medium Tank
M1 Anti-tank Gun Team
M1919 Machine Gun Team
M4A1 Sherman Medium Tank
M1919 Machine Gun Team
Engineer Squad
Selects M26 Pershing Heavy Tank
M4A1 Sherman Medium Tank
M4A1 Sherman Medium Tank
woof_raff
Friendly Mouse(Poxie)
Firehawk
rpmman99
0
0
Comments
sign in to comment!
No comments posted yet!